 Dungeon Crawl Stone Soup version 0.28.0-53-g5a82cb258f (webtiles) character file.

Game seed: 4218572175631643634

187 Holzbalken the Chopper (level 5, -1/41 HPs)
             Began as a Formicid Fighter on May 26, 2022.
             Slain by an ogre
             ... wielding a +0 giant spiked club
              (7 damage)
             ... on level 4 of the Dungeon.
             The game lasted 00:07:43 (2763 turns).

Holzbalken the Chopper (Formicid Fighter)           Turns: 2763, Time: 00:07:43

Health: -1/41      AC: 10    Str: 23    XL:     5   Next: 99%
Magic:  5/5        EV:  9    Int:  7    God:
Gold:   89         SH:  9    Dex: 10    Spells: 4/4 levels left

rFire   . . .      SeeInvis +   a - +1 war axe
rCold   . . .      Faith    .   c - +0 buckler
rNeg    . . .      Spirit   .   b - +0 scale mail
rPois   .          Reflect  +   (helmet unavailable)
rElec   .          Harm     .   g - +0 cloak
rCorr   .          Rampage  .   (no gloves)
Will    .....                   r - +1 pair of boots
Stlth   ..........              j - amulet of reflection
HPRegen 0.13/turn               (no ring)
MPRegen 0.09/turn               (no ring)

@: no status effects
A: permanent stasis, dig shafts and tunnels, antennae 3, four strong arms
a: Dig, Shaft Self


You were on level 4 of the Dungeon.
You visited 1 branch of the dungeon, and saw 4 of its levels.

You collected 89 gold pieces.

Inventory:

Hand Weapons
 a - a +1 war axe (weapon)
Armour
 b - a +0 scale mail (worn)
 c - a +0 buckler (worn)
 g - a +0 cloak (worn)
 r - a +1 pair of boots (worn)
Jewellery
 j - an amulet of reflection (around neck)
 m - an amulet of the acrobat
Wands
 q - a wand of flame (17)
Scrolls
 e - 2 scrolls of enchant armour
 i - 3 scrolls of teleportation
 k - 2 scrolls of holy word
Potions
 d - 2 potions of might
 n - a potion of lignification


   Skills:
 - Level 3.2 Fighting
 + Level 5.7 Axes
 - Level 3.2 Armour
 - Level 3.6 Shields


You had 4 spell levels left.
You didn't know any spells.
Your spell library contained the following spells:

 Spells                   Type           Power      Damage    Failure   Level
 Portal Projectile        Hex/Tloc       0%         N/A       99%         3
 Blade Hands              Tmut           0%         N/A       100%        5
 Excruciating Wounds      Necr           0%         N/A       100%        5


Dungeon Overview and Level Annotations

Branches:
Dungeon (4/15)
 Temple: D:4-7

Altars:
Makhleb
Uskayaw

Shops:
D:3 (==[


Innate Abilities, Weirdness & Mutations

You cannot be hasted, slowed, berserked, paralysed or teleported.
You can dig through walls and to a lower floor.
You have a pair of large antennae on your head. (SInv)
Your four strong arms can wield two-handed weapons with a shield.


Message History

You kill the adder!
Things that are here:
a +0 dagger; a goblin corpse
There is a stone staircase leading up here.
HP restored.
You sense a monster nearby.
An adder comes into view.
The adder hisses angrily.
An endoplasm comes into view.
The endoplasm quivers.
You barely miss the adder. The adder bites you. You block the adder's attack.
You hit the adder.
The adder is severely wounded.
You block the adder's attack.
You hit the adder.
The adder is severely wounded.
The adder barely misses you. The adder bites you.
You are poisoned.
The adder poisons you! The endoplasm hits you.
You hit the adder.
The adder is almost dead.
You hit the endoplasm.
You feel sick. You block the adder's attack. The endoplasm freezes you.
You are frozen.
You block the adder's attack.
You slash the adder!
You kill the adder!
You hit the endoplasm.
You kill the endoplasm!
You feel sick.
You start resting.
You feel sick. x2
You are no longer poisoned.
An ogre comes into view. It is wielding a +0 giant spiked club.
An ogre is nearby!
The ogre shouts!
The ogre hits you with a +0 giant spiked club!!
Ouch! That really hurt!
* * * LOW HITPOINT WARNING * * *
You barely miss the ogre.
The ogre hits you with a +0 giant spiked club!
You die...

.##...## ##......##.
......#.### #^..##.#..
..........####.........
. .........##..........#
..##....##..#.........##
.........#.............#
.................##.....
............#....# .....
.......@#..###..## .##..
....##O##..# ..... ..
... #.....# ##..##
......# .## ........ .#
.......... ..... ....
......


You could see an ogre.

Vanquished Creatures
  A hound (D:2)
  Jessica (D:2)
  Terence (D:3)
  5 adders
  A white imp (D:3)
  A worm (D:2)
  A dart slug (D:2)
  6 orcs (D:3)
  6 endoplasms
  2 giant cockroaches
  5 goblins
  2 hobgoblins (D:3)
  A quokka (D:2)
  6 ball pythons
  4 bats (D:3)
  3 frilled lizards
  4 kobolds
  6 rats
56 creatures vanquished.

Notes
Turn   | Place    | Note
-------+----------+-------------------------------------------
     0 | D:1      | Holzbalken the Formicid Fighter began the quest for the
                  | Orb.
     0 | D:1      | Reached XP level 1. HP: 18/18 MP: 1/1
    25 | D:1      | Found a faded altar of an unknown god.
   586 | D:1      | Reached XP level 2. HP: 24/24 MP: 2/2
   876 | D:2      | Reached skill level 3 in Axes
   876 | D:2      | Reached XP level 3. HP: 13/29 MP: 3/3
  1132 | D:2      | Reached skill level 4 in Axes
  1132 | D:2      | Reached XP level 4. HP: 24/35 MP: 4/4
  1565 | D:2      | Noticed Jessica
  1574 | D:2      | Killed Jessica
  1621 | D:3      | Found Piatt's Jewellery Boutique.
  1669 | D:3      | Found Rilisoeb's Jewellery Emporium.
  1692 | D:3      | Found Ykewuh's Armour Emporium.
  1723 | D:3      | Reached XP level 5. HP: 41/41 MP: 5/5
  1750 | D:3      | Found a burning altar of Makhleb.
  1823 | D:3      | Found a hide-covered altar of Uskayaw.
  1825 | D:3      | Found Zeroym's Weapon Boutique.
  2113 | D:3      | Reached skill level 5 in Axes
  2301 | D:3      | Noticed Terence
  2315 | D:3      | Killed Terence
  2759 | D:4      | Noticed an ogre
  2763 | D:4      | Slain by an ogre

Illustrated notes

Levels and vault maps discovered:
D:1:      dpeg_arrival_pits, layout_basic, shapermc_ecumenical_altar_pompeii
D:2:      layout_basic, lightli_corner_chamber, uniq_jessica
D:3:      layout_basic, mainiacjoe_overflow_cross_hatched,
          mainiacjoe_overflow_chevrons, serial_shops,
          nicolae_shop_hallway_stairs, shop, nicolae_diamond_shop,
          nicolae_diamond_shop, minmay_increasing_density, uniq_terence
D:4:      layout_cave_pools, mainiacjoe_overflow_paths,
          nemelex_dance_club_becter, minmay_manual_mares, uniq_duvessa

Skill      XL: |  1  2  3  4  5 |
---------------+----------------+-----
Axes           | 3 4 5 |  5.7
Fighting       | |  3.2
Armour         | |  3.2
Shields        | |  3.6

Action                   |  1- 3 |  4- 6 || total
-------------------------+-------+-------++-------
Melee: War axe           |    73 |   112 ||   185
  Use: Scroll            |       |     8 ||     8
Armor: Scale mail        |    46 |    46 ||    92
Dodge: Dodged            |    39 |    43 ||    82
Block: Buckler           |    20 |    87 ||   107
       Reflection        |       |     4 ||     4
